Map: Neon Violet Square LE

Players

Amedis

  • Race: Zerg Zerg
  • League: Platinum
  • Spawn Location: 11:00

juhelak - Winner!

  • Race: Protoss Protoss
  • League: Diamond
  • Spawn Location: 5:00

VOD

Have the link to the VOD?

Description

help

Time

  • Played on: Jan. 13, 2018, 4:12 p.m.
  • Length: 7:55
Show
View Real Time Build Order
Export as new Build Order

Amedis Zerg 

Build Orders: Pool First 

Get SALT Encoding   

  12  0:01  Drone  
  13  0:10  Drone  
  14  0:16  Extractor  
  14  0:18  Extractor, Drone  
  13  0:23  Drone  
  16  0:30  Overlord  
  16  0:42  Extractor  
  15  0:49  Drone x2  
  17  0:58  Spawning Pool  
  17  1:00  Drone  
  17  1:06  Drone  
  18  1:16  Drone  
  19  1:20  Extractor  
  18  1:27  Drone  
  19  1:37  Overlord  
  19  1:47  Lair  
  19  1:50  Zergling x2  
  20  2:01  Zergling x2  
  21  2:11  Drone  
  22  2:21  Drone  
  23  2:31  Overlord  
  23  2:49  Queen  
  25  3:03  Hydralisk Den  
  24  3:11  Drone x3  
  27  3:24  Metabolic Boost  
  27  3:25  Hatchery  
  26  3:31  Zergling x2  
  26  3:34  Muscular Augments  
  26  3:37  Hydralisk  
  27  3:43  Hydralisk  
  29  3:57  Overlord x2  
  24  4:18  Zergling x4  
  24  4:19  Zergling x2  
  23  4:34  Hydralisk x3  
  22  4:45  Drone  
  22  4:58  Zergling x2  
  22  5:20  Lurker Den  
  21  5:26  Hydralisk x2  
  25  5:44  Hydralisk  
  25  5:46  Zergling x4  
  25  5:47  Zergling x2  
  30  5:52  Zergling x2  
  30  6:36  Hydralisk x4  
  38  6:42  Queen  
  35  7:07  Zergling x8  
  35  7:08  Zergling x2  
  24  7:16  Zergling x2  
  21  7:28  Zergling x4  
Show
View Real Time Build Order
Export as new Build Order

juhelak Protoss - Winner!

Build Orders:  

Get SALT Encoding   

  12  0:00  Probe  
  13  0:12  Probe  
  14  0:18  Pylon  
  14  0:24  Probe  
  15  0:38  Gateway  
  15  0:39  Probe  
  16  0:51  Probe  
  16  0:53  Assimilator  
  17  1:03  Probe  
  18  1:04  Gateway  
  18  1:15  Probe  
  19  1:26  Cybernetics Core  
  19  1:27  Probe  
  19  1:32  Pylon  
  20  1:45  Probe  
  21  2:00  Stalker x2 (Chrono Boost)  
  21  2:04  Shield Battery  
  21  2:07  Probe  
  26  2:11  Assimilator  
  26  2:19  Probe  
  27  2:25  Shield Battery  
  29  2:30  Stalker (Chrono Boost)  
  29  2:41  Probe  
  30  2:46  Stalker (Chrono Boost)  
  31  2:52  Pylon  
  31  3:06  Warp Gate  
  31  3:20  Nexus  
  31  3:30  Pylon  
  32  3:43  Stalker  
  32  3:44  Stalker  
  35  3:57  Probe  
  36  4:22  Stalker x2  
  40  4:38  Twilight Council  
  36  4:51  Probe (Chrono Boost)  
  36  4:52  Probe (Chrono Boost)  
  36  4:58  Shield Battery  
  34  5:01  Probe x2 (Chrono Boost)  
  34  5:06  Gateway  
  36  5:07  Gateway  
  36  5:12  Adept  
  36  5:13  Adept  
  36  5:14  Resonating Glaives (Chrono Boost)  
  40  5:15  Pylon  
  40  5:25  Probe  
  40  5:26  Probe  
  42  5:30  Adept  
  44  5:35  Adept  
  44  5:37  Probe  
  44  5:38  Probe  
  49  5:50  Probe x2  
  49  5:53  Adept  
  52  5:58  Adept  
  52  6:02  Probe x2  
  52  6:04  Adept x2  
  58  6:09  Pylon  
  60  6:19  Adept x2  
  60  6:24  Probe x2  
  66  6:26  Adept x2  
  66  6:32  Pylon  
  70  6:39  Pylon  
  70  6:49  Pylon  
  48  7:28  Adept x4  
  54  7:33  Templar Archives  
  50  7:38  Gateway  
  50  7:39  Gateway  
  50  7:42  Gateway  
  50  7:45  Gateway  
Tags
 
Add a new tag
Caveats
  • Supply blocks, unpowered buildings, or Contaminate may cause inaccurate times.
  • Supply counts are checked every 10 seconds.